 Dungeon Crawl Stone Soup version 0.30-a0-170-g85af917532 (webtiles) character file.

Game seed: 7111179544304991526

12787 freelancePsychic the Fighter (level 11, -19/110 HPs)
             Began as an Ogre Delver on Sept 30, 2022.
             Was a Believer of Hepliaklqana.
             Killed from afar by a gargoyle (22 damage)
             ... with a stone arrow
             ... on level 11 of the Dungeon.
             The game lasted 00:35:39 (14228 turns).

freelancePsychic the Fighter (Ogre Delver)         Turns: 14228, Time: 00:35:40

Health: -19/110    AC:  4    Str: 20    XL:     11   Next: 98%
Magic:  13/21      EV:  9    Int: 15    God:    Hepliaklqana [**....]
Gold:   163        SH:  0    Dex: 10    Spells: 9/24 levels left

rFire   + . .      SeeInvis .    F - +8 long sword of Pyromania {speed, rN+ Str+2}
rCold   + . .      Faith    .    (no shield)
rNeg    + + .      Spirit   .    h - +2 robe {rN+}
rPois   .          Reflect  .    (helmet restricted)
rElec   .          Harm     .    D - +2 cloak
rCorr   .          Rampage  .    (gloves unavailable)
Will    +....                    (boots unavailable)
Stlth   ++........               G - amulet of regeneration
HPRegen 1.08/turn                s - ring of protection from cold
MPRegen 0.17/turn                I - ring of protection from fire

@: corroded
A: reduced essence, large, unfitting armour, tough skin 1
a: Renounce Religion, Recall Ancestor, Ancestor Identity


You were on level 11 of the Dungeon.
You worshipped Hepliaklqana.
Hepliaklqana was pleased with you.
You visited 2 branches of the dungeon, and saw 13 of its levels.

You collected 583 gold pieces.
You spent 420 gold pieces at shops.

Inventory:

Hand Weapons
 a - a +2 trident of freezing
 F - the +8 long sword of Pyromania (weapon) {speed, rN+ Str+2}
   (You found it on level 7 of the Dungeon)

   Attacks with this weapon are significantly faster.
   Str:       It affects your strength (+2).
   rN:        It protects you from negative energy.
Armour
 b - a +0 robe
 h - a +2 robe of positive energy (worn)
 D - a +2 cloak (worn)
 L - a +0 troll leather armour
Magical Staves
 u - a staff of earth
Jewellery
 m - an amulet of reflection
 s - a ring of protection from cold (left hand)
 t - a +6 ring of dexterity
 y - a ring of flight
 z - a ring of fire
 G - an amulet of regeneration (around neck)
 I - a ring of protection from fire (right hand)
Wands
 g - a wand of digging (11)
 A - a wand of polymorph (7)
 E - a wand of acid (6)
 H - a wand of charming (7)
Scrolls
 c - a scroll of fog
 d - 3 scrolls of amnesia
 e - 4 scrolls of fear
 i - 2 scrolls of poison
 j - 2 scrolls of enchant weapon
 k - 4 scrolls of butterflies
 n - a scroll of vulnerability
 q - 2 scrolls of noise
 C - 4 scrolls of magic mapping
Potions
 f - a potion of haste {@q3}
 l - 3 potions of mutation
 o - a potion of invisibility
 p - a potion of brilliance
 v - a potion of lignification {unknown}
 w - 2 potions of ambrosia
 x - a potion of flight {unknown}
 B - a potion of heal wounds {unknown}
 K - a potion of resistance


   Skills:
 - Level 11.9 Fighting
 - Level 2.7 Polearms
 - Level 1.7 Dodging
 - Level 3.7 Stealth
 - Level 7.1 Spellcasting
 + Level 5.6 Conjurations
 - Level 6.3 Hexes
 - Level 9.0 Summonings
 + Level 6.0 Transmutations
 - Level 1.6 Poison Magic


You had 9 spell levels left.
You knew the following spells:

 Your Spells              Type           Power      Damage    Failure   Level
a - Tukima's Dance        Hex            24%        N/A       3%          3
b - Call Canine Familiar  Summ           32%        N/A       1%          3
c - Summon Guardian Gole  Hex/Summ       28%        N/A       1%          3
d - Summon Small Mammal   Summ           100%       N/A       1%          1
h - Irradiate             Conj/Tmut      11%        3d15      32%         5

Your spell library contained the following spells:

 Spells                   Type           Power      Damage    Failure   Level
 Portal Projectile        Hex/Tloc       28%        N/A       11%         3
 Fulminant Prism          Conj/Hex       11%        3d9       11%         4
 Apportation              Tloc           10%        N/A       13%         1
 Necrotise                Necr           20%        1d5       13%         1
 Sublimation of Blood     Necr           5%         N/A       21%         2
 Yara's Violent Unravell  Hex/Tmut       11%        3d6       28%         5
 Leda's Liquefaction      Hex/Erth       7%         N/A       34%         4
 Gell's Gravitas          Tloc           5%         N/A       36%         3
 Kindle Blastsparks       Fire/Tloc/Air  10%        2d10      36%         3
 Teleport Other           Tloc           5%         N/A       36%         3
 Petrify                  Tmut/Erth      14%        N/A       36%         4
 Iskenderun's Mystic Bla  Conj/Tloc      13%        2d5       38%         4
 Passage of Golubria      Tloc           5%         N/A       78%         4
 Lee's Rapid Deconstruct  Erth           2%         3d6*      98%         5
 Dispersal                Tloc           2%         N/A       100%        6


Dungeon Overview and Level Annotations

Branches:
Dungeon (12/15)            Temple (1/1) D:7            Lair (0/5) D:8
    Orc (0/2) D:10

Altars:
Ashenzari
Cheibriados
Dithmenos
Elyvilon
Fedhas
Gozag
Hepliaklqana
Kikubaaqudgha
Makhleb
Nemelex Xobeh
Okawaru
Qazlal
Ru
Sif Muna
Trog
Uskayaw
Vehumet
Wu Jian
Xom
Yredelemnul
Zin
The Shining One

Shops:
D:4 *   D:7 :

Annotations:
D:3 Terence
D:4 1 runed translucent door, exclusion: 2 ogres, Valamore's ghost, amateur HuRe


Innate Abilities, Weirdness & Mutations

Your life essence is reduced to manifest your ancestor. (-10% HP)
You are too large for most types of armour.
You have tough skin. (AC +1)


Message History

The acid dragon bites you.
The acid dragon claws you but does no damage.
The skeletal warrior is engulfed in blazing flames.
The skeletal warrior hits you with a +0 dire flail!
The skeletal warrior is engulfed in blazing flames.
The skeletal warrior hits you with a +0 war axe!
The skeletal warrior hits your guardian golem with a +0 war axe!
The acid dragon bites you! The acid dragon claws you.
The skeletal warrior is engulfed in blazing flames.
A gargoyle comes into view. It is wielding a +0 morningstar.
The skeletal warrior hits your guardian golem with a +0 war axe!
Your guardian golem overheats!
The acid dragon bites you. The acid dragon claws you.
The skeletal warrior is engulfed in blazing flames.
The skeletal warrior hits your guardian golem with a +0 war axe.
Flame seeps out of your guardian golem.
Your guardian golem is engulfed in blazing flames.
Flame seeps out of your guardian golem.
The skeletal warrior attacks as you move away!
The skeletal warrior hits you with a +0 dire flail!!
* * * LOW HITPOINT WARNING * * *
The skeletal warrior is engulfed in blazing flames.
The skeletal warrior is destroyed!
The gargoyle hurls a stone arrow at you.
The stone arrow hits you!
* * * LOW HITPOINT WARNING * * *
Your guardian golem is engulfed in blazing flames.
Flame seeps out of your guardian golem.
Your Transmutations skill increases to level 6!
The skeletal warrior attacks as you move away!
The skeletal warrior hits you with a +0 dire flail!
* * * LOW HITPOINT WARNING * * *
The acid dragon completely misses you. The acid dragon barely misses you.
You swap places.
The acid dragon completely misses your guardian golem.
The acid dragon claws your guardian golem.
Flame seeps out of your guardian golem.
The gargoyle hurls a stone arrow at you.
The stone arrow hits you!!
You die...

+....>.............#
#......)...........#
###.....##+###.....#
..'.....#....#.....#
#.)...'....'.....#
#....>#....#.....# .
#.....#....#.....#
..#####}.§§§####'#.....#
.......@.○.○#....#.....#
....9..9..§○#....#.....#
##.....zD...#....#......
#..........#....#......
#.....#######+###......
#..... ######. #..... #.
+##.....## #. .........#
##


You could see a skeletal warrior, an acid dragon, a gargoyle (ally target) and a
friendly guardian golem (summoned, inner flame).

Vanquished Creatures
  Psyche (D:8)
  A troll (D:10)
  A shadow (D:10)
  3 yaks
  A vampire mosquito (D:12)
  A water moccasin (D:8)
  A black bear (D:8)
  A sky beast (D:8)
  A centaur (D:9)
  A wolf (D:8)
  2 scorpions
  2 wights (D:9)
  A howler monkey (D:8)
  A hound (D:8)
  6 orc priests
  An iguana (D:5)
  2 orc wizards (D:10)
  2 gnolls (D:9)
  3 adders
  2 white imps (D:6)
  2 worms
  A dart slug (D:5)
  15 orcs
  8 ball pythons
  4 endoplasms
  7 giant cockroaches
  4 goblins
  5 hobgoblins
  2 jackals (D:2)
  11 kobolds
  9 quokkas
  3 bats (D:1)
  4 frilled lizards
  A jackal zombie (D:5)
  An orc zombie (D:5)
  8 rats
119 creatures vanquished.

Vanquished Creatures (collateral kills)
  A troll (D:11)
  A shadow (D:12)
  A wyvern (D:9)
  A wraith (D:12)
  3 yaks
  A vampire mosquito (D:12)
  A water moccasin (D:6)
  An orc warrior (D:7)
  A black bear (D:6)
  A centaur (D:9)
  A kobold brigand (D:10)
  A bullfrog (D:9)
  2 necrophages
  A scorpion (D:5)
  3 wights (D:9)
  A human zombie (D:5)
  A hound (D:5)
  A jelly (D:6)
  6 orc priests
  Natasha (twice) (D:2)
  5 orc wizards
  A gnoll (D:9)
  A white imp (D:8)
  A worm (D:5)
  16 orcs
  A giant cockroach (D:2)
  A goblin (D:2)
57 creatures vanquished.

Vanquished Creatures (others)
  A centaur warrior (D:10)
  Erica (D:8)
  3 skeletal warriors (D:11)
  Pikel (D:8)
  A cyclops (D:10)
  Prince Ribbit (D:8)
  8 yaks
  3 wyverns (D:8)
  2 vampires
  A warg (D:10)
  11 dancing weapons
  3 water moccasins
  2 orc warriors
  4 ice beasts
  4 black bears
  An ogre (D:7)
  A lemure (D:8)
  2 gnoll sergeants
  9 wights
  A jelly (D:6)
  A gnoll bouda (D:8)
  2 orc priests (D:8)
  2 ancestors (D:10)
  3 battlemagi
  An iguana (D:8)
  4 orc wizards
  8 gnolls
  A shadow imp (D:8)
  4 orcs
  A hobgoblin (D:10)
  A bush (D:8)
  4 fungi (D:8)
  27 plants
119 creatures vanquished.

Grand Total: 295 creatures vanquished

Notes
Turn   | Place    | Note
-------+----------+-------------------------------------------
     0 | D:5      | freelancePsychic the Ogre Delver began the quest for the
                  | Orb.
     0 | D:5      | Reached XP level 1. HP: 24/24 MP: 1/1
    40 | D:5      | Noticed a necrophage
   115 | D:4      | Found a runed translucent door.
   117 | D:4      | Noticed a bullfrog
   119 | D:4      | Noticed Valamore's ghost (amateur HuRe)
   138 | D:4      | Noticed an ogre
   143 | D:4      | Noticed an ogre
   166 | D:4      | Found a stormy altar of Qazlal.
   226 | D:4      | Found Ysagh's Assorted Antiques.
   284 | D:4      | Reached XP level 2. HP: 22/33 MP: 2/2
   702 | D:1      | Reached XP level 3. HP: 37/40 MP: 3/3
  1028 | D:1      | Reached skill level 1 in Summonings
  1670 | D:1      | Reached skill level 1 in Spellcasting
  1703 | D:1      | Learned a level 1 spell: Summon Small Mammal
  1765 | D:2      | Reached XP level 4. HP: 26/49 MP: 2/5
  2301 | D:2      | Noticed Natasha
  2318 | D:2      | Killed Natasha
  2319 | D:2      | Reached skill level 5 in Fighting
  2456 | D:2      | Noticed Natasha
  2550 | D:1      | Learned a level 3 spell: Call Canine Familiar
  2624 | D:2      | Found a faded altar of an unknown god.
  2873 | D:2      | Killed Natasha
  2874 | D:2      | Reached XP level 5. HP: 13/57 MP: 5/7
  4048 | D:3      | Noticed Terence
  4100 | D:4      | Found an ornate altar of the Wu Jian Council.
  4662 | D:5      | Reached XP level 6. HP: 59/66 MP: 5/9
  4739 | D:5      | HP: 5/100 [poisoned by a scorpion]
  4943 | D:5      | Noticed an ice beast
  5029 | D:5      | Learned a level 3 spell: Summon Guardian Golem
  5041 | D:5      | Killed an ice beast
  5042 | D:5      | Reached skill level 6 in Fighting
  5174 | D:5      | Reached XP level 7. HP: 67/75 MP: 2/11
  5892 | D:5      | Reached skill level 5 in Summonings
  5996 | D:5      | Found a glowing silver altar of Zin.
  6298 | D:6      | Reached skill level 7 in Fighting
  6298 | D:6      | Reached XP level 8. HP: 87/87 MP: 6/14
  6320 | D:6      | Reached skill level 1 in Hexes
  6948 | D:6      | Found a burning altar of Makhleb.
  7276 | D:7      | Found Diuj Fit's Book Shop.
  7301 | D:7      | Reached skill level 5 in Spellcasting
  7326 | D:8      | Noticed Psyche
  7328 | D:8      | Noticed a wyvern
  7331 | D:8      | Noticed a wyvern
  7331 | D:8      | Noticed a wyvern
  7342 | D:8      | Reached skill level 8 in Fighting
  7349 | D:8      | Reached XP level 9. HP: 58/96 MP: 12/17
  7870 | D:8      | Noticed Pikel
  7882 | D:8      | Killed Pikel
  7883 | D:8      | Reached skill level 9 in Fighting
  7926 | D:8      | Found a staircase to the Lair.
  8011 | D:8      | Reached XP level 10. HP: 49/107 MP: 9/20
  8528 | D:8      | Killed Psyche
  8915 | D:8      | Learned a level 3 spell: Tukima's Dance
  9035 | D:8      | Reached skill level 10 in Fighting
  9258 | D:8      | Noticed Erica
  9276 | D:8      | Killed Erica
  9277 | D:8      | Reached skill level 5 in Hexes
  9344 | D:8      | Found a shimmering altar of Xom.
  9344 | D:8      | Found a bloodstained altar of Trog.
  9353 | D:8      | Noticed Prince Ribbit
  9392 | D:8      | Killed Prince Ribbit
 10036 | D:7      | Reached skill level 11 in Fighting
 10507 | D:7      | Found a staircase to the Ecumenical Temple.
 10515 | D:7      | Identified the +8 long sword of Pyromania {speed, rN+
                  | Str+2}
 10532 | Temple   | Entered the Ecumenical Temple
 10763 | Temple   | Became a worshipper of Hepliaklqana the Forgotten
 11232 | D:9      | Identified the +6 ring mail "Usoenien" {rN+ Dex+4 SInv}
 11588 | D:9      | Reached * piety under Hepliaklqana
 11610 | D:9      | Reached XP level 11. HP: 107/110 MP: 14/21
 12140 | D:9      | Reached skill level 1 in Transmutations
 12140 | D:9      | Reached skill level 1 in Poison Magic
 12502 | D:10     | Entered Level 10 of the Dungeon
 12563 | D:10     | Reached skill level 1 in Conjurations
 12837 | D:10     | Found a staircase to the Orcish Mines.
 12981 | D:10     | Reached ** piety under Hepliaklqana
 12982 | D:10     | Remembered your ancestor MeanGreenMartine as a battlemage
 12996 | D:10     | Found an opulent altar of Gozag.
 13159 | D:10     | Noticed a centaur warrior
 13160 | D:10     | Noticed a seven-headed hydra
 13160 | D:10     | Noticed a cyclops
 13210 | D:10     | Killed a centaur warrior
 13219 | D:10     | Killed a cyclops
 13771 | D:7      | Bought a book of Alchemy for 420 gold pieces
 13777 | D:7      | Learned a level 5 spell: Irradiate
 13980 | D:11     | Noticed a skeletal warrior
 13991 | D:11     | Killed a skeletal warrior
 13992 | D:11     | Reached skill level 5 in Transmutations
 13996 | D:11     | Noticed a skeletal warrior
 14006 | D:11     | Noticed a skeletal warrior
 14020 | D:11     | Noticed a skeletal warrior
 14062 | D:12     | Reached skill level 5 in Conjurations
 14209 | D:11     | Killed a skeletal warrior
 14226 | D:11     | Killed a skeletal warrior
 14227 | D:11     | HP: 1/110 [skeletal warrior/+0 dire flail (16)]
 14228 | D:11     | Killed from afar by a gargoyle

Illustrated notes

Levels and vault maps discovered:
D:1:      minmay_arrival_diagonal_passages, layout_basic, minmay_liquid_box
D:2:      layout_rooms, chequers_ecumenical_altar_simple, uniq_natasha
D:3:      layout_loops_corners, kennysheep_cross_bottleneck, uniq_terence
D:4:      layout_cave_pools, nzn_wu_jian_contemplation,
          nicolae_qazlal_scattered_showers, ebering_ghost_sewer_d, serial_shops,
          shop
D:5:      layout_cave_pools, mainiacjoe_overflow_boulevard, enter_ossuary_3
D:6:      layout_loops_cross, lemuel_tele_altar
D:7:      layout_rooms, temple_fountains, serial_shops, shop,
          david_defended_altar_orc
D:8:      layout_cave_pods, grunt_temple_overflow_open, minmay_lair_entry_grove,
          chequers_serial_rivers_marsh, uniq_pikel, uniq_psyche, uniq_erica,
          uniq_prince_ribbit1
D:9:      layout_irregular_city, serial_bayou_crossing
D:10:     layout_stronghold, mainiacjoe_overflow_catwalk, erik_orc_4,
          grunt_tough_drop
D:11:     layout_gridville, nicolae_concentric_dashed_squares_mild
D:12:     layout_basic
Temple:   bh_familiar_temple

Skill      XL: |  1  2  3  4  5  6  7  8  9 10 11 |
---------------+----------------------------------+-----
Summonings     | 1 2 3 4 5 6 8 9 |  9.0
Spellcasting   | 1 2 3 4 5 6 7 |  7.1
Fighting       | 5 6 7 8 9 11 | 11.9
Hexes          | 2 4 6 |  6.3
Transmutations | 6 |  6.0
Poison Magic   | 1 |  1.6
Conjurations   | 5 |  5.6
Polearms       | |  2.7
Dodging        | |  1.7
Stealth        | |  3.7

Action                   |  1- 3 |  4- 6 |  7- 9 | 10-12 || total
-------------------------+-------+-------+-------+-------++-------
Melee: Spear             |   166 |   188 |    87 |    67 ||   508
       Punch             |     3 |     2 |     2 |     1 ||     8
       Unarmed           |       |       |    11 |       ||    11
       Long sword        |       |       |       |    94 ||    94
       Trident           |       |       |       |     6 ||     6
 Cast: Summon Small Mamm |     3 |    16 |     8 |     1 ||    28
       Call Canine Famil |       |     7 |    26 |    34 ||    67
       Summon Guardian G |       |     1 |    25 |    51 ||    77
       Tukima's Dance    |       |       |       |    25 ||    25
Invok: Ancestor Identity |       |       |       |     2 ||     2
       Ancestor Life: Ba |       |       |       |     1 ||     1
Evoke: Wand              |       |       |     1 |     1 ||     2
  Use: Scroll            |     1 |     7 |     3 |     9 ||    20
       Potion            |       |     2 |     1 |     6 ||     9
 Stab: Sleeping          |    11 |     6 |     1 |     2 ||    20
       Distracted        |       |     3 |       |       ||     3
Armor: Robe              |    43 |    33 |    14 |    49 ||   139
       Skin              |       |       |     2 |       ||     2
Dodge: Dodged            |    51 |    58 |    48 |    97 ||   254
Block: Other             |       |       |     6 |     9 ||    15
       Reflection        |       |       |       |     1 ||     1

Table legend: (Time is in decaauts)
 A = Elapsed time spent in this place.
 B = Non-inter-level travel time spent in this place.
 C = Inter-level travel time spent in this place.
 D = Time resting spent in this place.
 E = Time spent auto-exploring this place.
 F = Levels seen in this place.
 G = Mean time per level.
                   A        B        C        D        E       F      G
               +--------+--------+--------+--------+--------+-----+--------+
         Total |  14232 |  13410 |    822 |    510 |  10119 |  13 | 1094.8 |
       Dungeon |  13987 |  13199 |    788 |    510 |   9913 |  12 | 1165.6 |
        Temple |    244 |    210 |     34 |      0 |    206 |   1 |  244.0 |
               +--------+--------+--------+--------+--------+-----+--------+

Top non-repeatable levels by time:
     D:8: 2724 daAuts
     D:5: 1627 daAuts
     D:2: 1436 daAuts
     D:9: 1171 daAuts
     D:6: 1171 daAuts
    D:10: 1164 daAuts
     D:7: 1141 daAuts
     D:1: 1107 daAuts
     D:3: 1060 daAuts
     D:4: 990 daAuts
  Temple: 244 daAuts
    D:11: 237 daAuts
    D:12: 154 daAuts
